 Dungeon Crawl Stone Soup version 0.27.0-1-g7a089689b8 (webtiles) character file.

Game seed: 11861747519092370372

9 quinnr the Gusty (level 2, -3/16 HPs)
             Began as a Tengu Air Elementalist on Aug 7, 2021.
             Slain by Terence (8 damage)
             ... on level 2 of the Dungeon.
             The game lasted 00:02:35 (366 turns).

quinnr the Gusty (Tengu Air Elementalist)            Turns: 366, Time: 00:02:35

Health: -3/16      AC:  2    Str:  8    XL:     2   Next: 16%
Magic:  0/6        EV: 12    Int: 15    God:
Gold:   10         SH:  0    Dex: 14    Spells: 4/5 levels left

rFire    + . .     SeeInvis .   b - +0 hunting sling
rCold    + . .     Faith    .   (no shield)
rNeg     . . .     Spirit   .   a - +0 robe
rPois    .         Reflect  .   (helmet restricted)
rElec    .         Harm     .   c - scarf {rC+ rF+}
rCorr    .         Rampage  .   (no gloves)
Will     .....                  (boots unavailable)
Stlth    ++........             (no amulet)
HPRegen  0.05/turn              (no ring)
MPRegen  0.10/turn              (no ring)

@: no status effects
A: beak, talons 3
a: no special abilities


You were on level 2 of the Dungeon.
You visited 1 branch of the dungeon, and saw 2 of its levels.

You collected 10 gold pieces.

Inventory:

Hand Weapons
 b - a +0 hunting sling (weapon)
Armour
 a - a +0 robe (worn)
 c - a scarf of resistance (worn)


   Skills:
 + Level 0.7 Fighting
 - Level 2.2 Dodging
 - Level 2.0 Stealth
 + Level 2.2 Spellcasting
 - Level 1.4 Conjurations
 + Level 4.2 Air Magic


You had 4 spell levels left.
You knew the following spells:

 Your Spells              Type           Power      Damage    Failure   Level
a - Shock                 Conj/Air       40%        1d5       7%          1

Your spell library contained the following spells:

 Spells                   Type           Power      Damage    Failure   Level
 Static Discharge         Conj/Air       10%        N/A       11%         2
 Swiftness                Air            14%        N/A       12%         3
 Airstrike                Air            7%         N/A       36%         4


Dungeon Overview and Level Annotations

Branches:
Dungeon (1/15)

Altars:

Annotations:
D:2 Terence


Innate Abilities, Weirdness & Mutations

You have a beak for a mouth.
You have claws for feet.


Message History

Unknown command.
Terence says, "You're history."
Terence drinks a potion.
Terence is healed!
Terence asks, "Do you want it fast or slow?"
Terence says, "Did you write a will?
You should..."
There is an escape hatch in the ceiling here.
Your magical contamination has completely faded away.
Casting: Shock (safe; 7% risk of failure)
Confirm with . or Enter, or press ? or * to list all spells.
Aiming: Shock (safe; 7% risk of failure)
Press: ? - help, Shift-Dir - straight line, p - Terence The zap hits Terence.
Terence is lightly wounded.
The zap hits Terence.
Terence is lightly wounded.
Terence hits you with a +0 hand axe!
Ouch! That really hurt!
* * * LOW HITPOINT WARNING * * *
Casting: Shock (safe; 7% risk of failure)
Confirm with . or Enter, or press ? or * to list all spells.
Aiming: Shock (safe; 7% risk of failure)
Press: ? - help, Shift-Dir - straight line The zap hits Terence.
Terence is moderately wounded.
The zap hits Terence.
Terence is heavily wounded.
Terence barely misses you.
Unknown command.
There is an escape hatch in the ceiling here.
Casting: Shock (safe; 7% risk of failure)
Confirm with . or Enter, or press ? or * to list all spells.
Aiming: Shock (safe; 7% risk of failure)
Press: ? - help, Shift-Dir - straight line The zap hits Terence.
Terence is heavily wounded.
The zap hits Terence.
Terence is severely wounded.
Terence hits you with a +0 hand axe!
Ouch! That really hurt!
You die...

#.#.#.##...........
.#######.#.#.#..###..#.#..
..................#..#.#..
#######.##......###..###..
##.####..............
##..# #...............
#####..####......#########
#...........#....#
....###.###@######.# ##
#<# #@# #.# ##.###.# #.#
#..#..># ... #.#..### ...
#...## ... #.....#
........... ...........##


You could see Terence.

Vanquished Creatures
  An endoplasm (D:2)
  3 goblins (D:2)
  3 kobolds (D:2)
  2 bats (D:2)
9 creatures vanquished.

Notes
Turn   | Place    | Note
-------+----------+-------------------------------------------
     0 | D:1      | quinnr the Tengu Air Elementalist began the quest for the
                  | Orb.
     0 | D:1      | Reached XP level 1. HP: 10/10 MP: 4/4
     7 | D:1      | You fall into a shaft and drop 1 floor!
   231 | D:2      | Reached XP level 2. HP: 16/16 MP: 3/6
   308 | D:2      | Noticed Terence
   366 | D:2      | Slain by Terence

Illustrated notes

Levels and vault maps discovered:
D:1:      lemuel_arrival_room, layout_basic, shapermc_ecumenical_altar_gd,
          serial_shops, shop, minmay_tripent
D:2:      layout_rooms, serial_shops, nicolae_shop_trees,
          amcnicky_mini_pool_small, minivault_25, minmay_misc_feat_nine_boxes,
          grunt_ministairs_14, uniq_jessica, uniq_terence,
          uniq_crazy_yiuf_cottage

Action                   || total
-------------------------++-------
 Cast: Shock             ||    24
Dodge: Dodged            ||     5
